cohdb
Replays
Latest Replays
All Replays
Popular Replays
Top Player Replays
Match Explorer
How It Works
Community
CoH3 Stats
Reddit
Sign in to upload your games and track your stats! →
Sign in with Steam
Match 47380389
Unlisted
Match 47380389
Overview
Messages
Build Orders
End
Kradschützen Motorcycle Team
Selects Panzerjäger Kommand Battlegroup
Selects Blockade Equipment
Panzergrenadier Squad
Panzergrenadier Squad
Construct Light Support Kompanie
Panzerjäger Squad
2.5-tonne Medical Truck
Panzerpioneer Squad
Construct Mechanized Kompanie
254 Reconnaissance Tractor
Selects Defensive Positions
Panzerjäger Mechanized Group
Construct Panzerarmee Kommand
Veteran Squad Leaders
Armored Reserves
Panzer III Assault Group
Emergency Repair Kits
Selects Tank Busters
Selects Crew Shock Tactics
Walking Stuka Rocket Launcher
Vehicle Survival Package
Mr.Faraam
YuruMusubi
찐ENDEX
Lord Ludwig
Guh
MrLoser ★
一元线性回归
plz touch grass
0
0
Comments
sign in to comment!
No comments posted yet!